Selects Special Operations Battlegroup
Selects Special Operations Battlegroup
Selects M29 Weasel Recon Vehicle
Mechanized Support Center
M1918 Browning Automatic Rifles
Selects P-47 Anti-Infantry Loiter
M4(105) Sherman Bulldozer
P-47 Anti-Infantry Loiter
Selects SSF Commando Squad
Construct Medical Station
Construct Medical Station
P-47 Anti-Infantry Loiter
M4A1(76) Sherman Medium Tank
Selects UNKNOWN (2162291)